 Dungeon Crawl Stone Soup version 0.30-a0-793-g160f7cfddd (webtiles) character file.

Game seed: 11221678038141650627

3728 kingofthe the Nimble (level 9, -11/42 (45) HPs)
             Began as a Deep Elf Conjurer on Feb 20, 2023.
             Was a Priest of Sif Muna.
             Mangled by an orc knight
             ... wielding a +0 glaive
              (20 damage)
             ... in a bailey.
             The game lasted 00:28:15 (9126 turns).

kingofthe the Nimble (Deep Elf Conjurer)            Turns: 9126, Time: 00:28:16

HP:   -11/42 (45)   AC: 11    Str:  4    XL:     9   Next: 92%
MP:   7/22          EV: 17    Int: 27    God:    Sif Muna [***...]
Gold: 286           SH:  4    Dex: 17    Spells: 16/23 levels left

rFire   . . .      SeeInvis .    k - +4 club (spect)
rCold   . . .      Faith    .    C - +0 buckler
rNeg    + . .      Spirit   .    E - +1 robe {rN+}
rPois   +          Reflect  .    x - +2 helmet {Int+3}
rElec   .          Harm     .    q - scarf {+Inv}
rCorr   .          Rampage  .    G - +0 pair of gloves
Will    .....                    (no boots)
Stlth   ++++                     h - amulet of the acrobat
HPRegen 0.27/turn                T - +4 ring of protection
MPRegen 0.18/turn                P - ring of poison resistance

@: drained
A: no striking features
a: Renounce Religion, Evoke Invisibility, Channel Magic, Forget Spell


You were in a bailey.
You worshipped Sif Muna.
Sif Muna was most pleased with you.
You visited 2 branches of the dungeon, and saw 9 of its levels.
You also visited: Bailey.

You collected 398 gold pieces.
You spent 112 gold pieces at shops.


   Skills:
 * Level 9.1 Dodging
 + Level 7.1 Stealth
 + Level 7.8 Spellcasting
 + Level 7.6 Conjurations
 * Level 7.2 Hexes
 + Level 5.7 Evocations


You had 16 spell levels left.
You knew the following spells:

 Your Spells              Type           Power      Damage    Failure   Level
a - Magic Dart            Conj           100%       1d8       1%          1
b - Searing Ray           Conj           100%       2d8       1%          2
f - Fulminant Prism       Conj/Hex       25%        3d14      3%          4

Your spell library contained the following spells:

 Spells                   Type           Power      Damage    Failure   Level
 Dazzling Flash           Conj/Hex       100%       N/A       1%          3
 Apportation              Tloc           20%        N/A       8%          1
 Iskenderun's Mystic Bla  Conj/Tloc      31%        2d8       16%         4
 Animate Armour           Summ/Erth      20%        N/A       58%         4
 Alistair's Intoxication  Tmut/Pois      6%         N/A       90%         5
 Blade Hands              Tmut           5%         N/A       90%         5
 Iron Shot                Conj/Erth      15%        9d4       93%         6

Inventory:

Hand Weapons
 k - a +4 spectral club (weapon)
 z - a +2 war axe of flaming
 A - a +1 dagger of speed
 F - a +1 whip of flaming
Armour
 q - a scarf of invisibility (worn)
 x - a +2 helmet of intelligence (worn)
 C - a +0 buckler (worn)
 E - a +1 robe of positive energy (worn)
 G - a +0 pair of gloves (worn)
Jewellery
 h - an amulet of the acrobat (around neck)
 r - an amulet of regeneration
 v - a ring of see invisible
 P - a ring of poison resistance (right hand)
 T - a +4 ring of protection (left hand)
Wands
 a - a wand of paralysis (3)
 w - a wand of polymorph (11)
Scrolls
 c - a scroll of fear {unknown}
 d - 2 scrolls of enchant weapon {unknown}
 f - 6 scrolls of identify {unknown}
 j - a scroll of torment {unknown}
 l - 2 scrolls of amnesia {unknown}
 p - 2 scrolls of noise {unknown}
 s - 2 scrolls of teleportation {unknown}
 t - 2 scrolls of enchant armour {unknown}
 y - a scroll of poison {unknown}
 B - a scroll of butterflies {unknown}
 D - a scroll of silence {unknown}
 H - a scroll of immolation {unknown}
Potions
 b - a potion of magic
 e - a potion of resistance {unknown}
 g - a potion of flight {unknown}
 i - 2 potions of attraction
 m - 4 potions of heal wounds {@q2@q2}
 n - 6 potions of curing {@q1@q1}
 o - a potion of haste {unknown}
 u - 2 potions of mutation {unknown}

Dungeon Overview and Level Annotations

Branches:
Dungeon (8/15)             Temple (1/1) D:5          Bailey (1/1)
   Lair: D:8-11

Altars:
Ashenzari
Cheibriados
Dithmenos
Elyvilon
Fedhas
Gozag
Kikubaaqudgha
Nemelex Xobeh
Okawaru
Qazlal
Ru
Sif Muna
Uskayaw
Vehumet
Wu Jian
Xom
Yredelemnul
The Shining One

Shops:
D:2 !

Annotations:
D:7 1 runed translucent door, Crazy Yiuf, Dowan, Duvessa

▒▒▒▒. ▒..≈≈≈≈≈..####
.... ▒...≈≈≈≈.....###
o..▒▒)..≈≈≈≈..♣♣...♣♣♣
▒..▒..).≈≈≈≈..♣......♣♣
▒8.▒...▒▒▒▒▒▒.........♣
▒.)▒....)..........∩..♣
▒..'....o.............♣
▒..'.....).......).)..♣
▒..▒......@.....)..∩..♣
▒8)▒...▒▒▒▒▒▒.........♣
▒..▒....≈≈≈≈.........♣♣
...▒▒.♣.≈≈≈≈..♣....♣♣♣
.... ▒...≈≈≈≈.....###
▒▒▒▒. ▒..♣≈≈≈≈..♣.##
▒▒▒▒..♣≈≈≈≈≈...#
#....♣♣≈≈≈≈≈.♣#
##..♣♣♣≈≈≈≈≈♣♣


You could see an orc knight.


Message History

A fulminant prism comes into view.
The orc knight hits you from afar with a +0 glaive.
* * * LOW HITPOINT WARNING * * *
You take 6 damage, and have 9/42 hp.
You now have 7/22 mp.
Your fulminant prism crackles loudly.
Your fulminant prism explodes!
The blast of energy engulfs the orc knight!!
The orc knight is severely wounded.
You block the orc knight's attack.
Casting: Fulminant Prism (dangerous; 3% risk of failure)
Confirm with . or Enter, or press ? or * to list all spells.
Aiming: Fulminant Prism (dangerous; 3% risk of failure)
Press: ? - help, Dir - move target, f - orc knight
Aim: an orc knight, wielding a +0 glaive and wearing a +0 crystal plate armour (severely wounded)
Okay, then.
Hit: k) +4 club (spect)
Press: ? - help, Dir - move target, f - you
Okay, then.
Aiming: Paralyse
Press: ? - help, Shift-Dir - straight line, f - orc knight
Aim: an orc knight, wielding a +0 glaive and wearing a +0 crystal plate armour (severely wounded, chance to affect: 46%)
The orc knight resists with some effort.
The orc knight hits you from afar with a +0 glaive.
* * * LOW HITPOINT WARNING * * *
Aiming: Paralyse
Press: ? - help, Shift-Dir - straight line, f/p - orc knight
Aim: an orc knight, wielding a +0 glaive and wearing a +0 crystal plate armour (severely wounded, chance to affect: 46%)
The orc knight resists with some effort.
The orc knight hits you from afar with a +0 glaive!!
You die...

Skill      XL: |  1  2  3  4  5  6  7  8  9 |
---------------+----------------------------+-----
Spellcasting   | 4 5 6 7 |  7.8
Dodging        | 3 4 5 6 7 9 |  9.1
Stealth        | 3 4 5 6 7 |  7.1
Conjurations   | 5 6 7 |  7.6
Evocations     | 1 2 3 4 5 |  5.7
Hexes          | 1 4 7 |  7.2

Action                     |  1- 3 |  4- 6 |  7- 9 || total
---------------------------+-------+-------+-------++-------
  Melee: Unarmed           |       |    17 |       ||    17
         Club              |       |       |    11 ||    11
   Cast: Magic Dart        |    56 |    95 |   101 ||   252
         Searing Ray       |     5 |    28 |    87 ||   120
         Fulminant Prism   |       |       |    14 ||    14
Ability: Evoke Invisibilit |       |     1 |     1 ||     2
  Evoke: Wand              |       |       |     2 ||     2
    Use: Potion            |       |     2 |       ||     2
   Stab: Distracted        |       |       |     1 ||     1
 Armour: Robe              |     2 |     8 |     8 ||    18
  Dodge: Dodged            |     4 |    63 |   103 ||   170
  Block: Buckler           |       |       |     8 ||     8

Levels and vault maps discovered:
D:1:      lightli_molten_gateway, layout_rooms
D:2:      layout_basic, basic_altar, serial_shops,
          nicolae_shop_advertising_works [nicolae_subvault_shop_adworks],
          uniq_jessica, uniq_terence
D:3:      layout_basic, minivault_19
D:4:      layout_basic, nemelex_diamond_rough_becter, roderic_batcave
D:5:      layout_loops_ring, overflow_temple_1_default,
          minmay_temple_entry_poolview, portal_sewer_entry_e,
          nicolae_goblin_pals
D:6:      layout_basic
D:7:      layout_rooms, kennysheep_generic_room_14, uniq_pikel,
          uniq_crazy_yiuf_cottage, uniq_duvessa
D:8:      layout_basic, nicolae_hepliaklqana_hippocampus, enter_bailey_3,
          uniq_erica, uniq_psyche, uniq_prince_ribbit1, uniq_grum
Temple:   hellmonk_temple_divided_pantheon
Bailey:   bailey_polearm_elven_captive_hellmonk, bailey

Notes
Turn   | Place    | Note
-------+----------+-------------------------------------------
     0 | D:1      | kingofthe the Deep Elf Conjurer began the quest for the
                  | Orb.
     0 | D:1      | Reached XP level 1. HP: 10/10 MP: 6/6
   158 | D:1      | Reached skill level 4 in Spellcasting
   158 | D:1      | Reached XP level 2. HP: 15/15 MP: 7/9
   198 | D:1      | Learned a level 2 spell: Searing Ray
   534 | D:1      | Reached XP level 3. HP: 19/19 MP: 8/10
   961 | D:2      | Noticed Terence
   968 | D:2      | Killed Terence
   969 | D:2      | Reached skill level 3 in Dodging
   969 | D:2      | Reached XP level 4. HP: 2/24 MP: 1/12
  1115 | D:2      | Reached skill level 3 in Stealth
  1364 | D:2      | Noticed Jessica
  1440 | D:2      | Killed Jessica
  1441 | D:2      | Reached skill level 5 in Conjurations
  1701 | D:2      | Found a sacrificial altar of Ru.
  1719 | D:2      | Reached XP level 5. HP: 28/28 MP: 7/14
  1782 | D:2      | Found Ihetox's Distillery.
  1790 | D:2      | Bought a potion of heal wounds for 70 gold pieces
  1790 | D:2      | Bought a potion of curing for 42 gold pieces
  2158 | D:3      | Reached skill level 4 in Dodging
  2757 | D:3      | Noticed a centaur
  2773 | D:3      | HP: 2/24 [centaur/arrow (8)]
  2781 | D:3      | Killed a centaur
  2782 | D:3      | Reached skill level 5 in Spellcasting
  2782 | D:3      | Reached skill level 1 in Evocations
  2782 | D:3      | Reached XP level 6. HP: 4/32 MP: 6/15
  3185 | D:4      | Reached skill level 4 in Stealth
  3285 | D:4      | Learned a level 4 spell: Fulminant Prism
  3363 | D:4      | Reached skill level 2 in Evocations
  3909 | D:4      | Found a sparkling altar of Nemelex Xobeh.
  4006 | D:5      | Entered Level 5 of the Dungeon
  4020 | D:5      | Found a staircase to the Ecumenical Temple.
  4061 | Temple   | Entered the Ecumenical Temple
  4061 | Temple   | Found a transporter.
  4061 | Temple   | Found a transporter.
  4083 | Temple   | Found a transporter.
  4083 | Temple   | Found a transporter.
  4102 | Temple   | Became a worshipper of Sif Muna the Loreminder
  4143 | D:5      | Noticed Ijyb
  4162 | D:5      | Killed Ijyb
  4163 | D:5      | Reached skill level 5 in Dodging
  4223 | D:5      | Noticed Robin
  4229 | D:5      | Killed Robin
  4396 | D:5      | Found an ancient bone altar of Kikubaaqudgha.
  4422 | D:5      | Reached XP level 7. HP: 36/36 MP: 6/17
  4721 | D:5      | Reached skill level 6 in Conjurations
  4721 | D:5      | Reached skill level 3 in Evocations
  4953 | D:5      | Reached * piety under Sif Muna
  5542 | D:5      | Reached skill level 6 in Dodging
  5578 | D:5      | Reached skill level 5 in Stealth
  5841 | D:6      | Reached ** piety under Sif Muna
  5846 | D:6      | Reached skill level 6 in Spellcasting
  6012 | D:6      | Reached skill level 1 in Hexes
  6012 | D:6      | Reached XP level 8. HP: 41/41 MP: 13/19
  6076 | D:6      | Reached skill level 4 in Evocations
  6254 | D:6      | Reached skill level 2 in Hexes
  6451 | D:6      | Reached skill level 3 in Hexes
  6727 | D:6      | Reached skill level 7 in Dodging
  7055 | D:7      | Reached skill level 4 in Hexes
  7200 | D:7      | Identified the +1 scale mail of Obeduce {Harm rPois Will+
                  | Dex-5}
  7363 | D:7      | Reached skill level 6 in Stealth
  7492 | D:7      | Found a runed translucent door.
  7493 | D:7      | Noticed Crazy Yiuf
  7632 | D:7      | Reached XP level 9. HP: 43/45 MP: 16/21
  7709 | D:6      | Reached skill level 5 in Hexes
  7757 | D:6      | Reached skill level 7 in Conjurations
  7785 | D:7      | Reached skill level 7 in Spellcasting
  7820 | D:7      | Reached *** piety under Sif Muna
  7834 | D:7      | Reached skill level 5 in Evocations
  7963 | D:7      | Reached skill level 8 in Dodging
  8034 | D:7      | Noticed Pikel
  8046 | D:7      | Killed Pikel
  8047 | D:7      | Reached skill level 6 in Hexes
  8250 | D:7      | Noticed Duvessa
  8250 | D:7      | Noticed Dowan
  8599 | D:8      | Found a flagged portal.
  8725 | Bailey   | Entered a bailey
  8856 | Bailey   | Identified a +0 crystal plate armour
  8856 | Bailey   | Noticed an orc knight
  8900 | Bailey   | Reached skill level 7 in Stealth
  8988 | Bailey   | Reached skill level 9 in Dodging
  8988 | Bailey   | Reached skill level 7 in Hexes
  9126 | Bailey   | Mangled by an orc knight

Vanquished Creatures
  Pikel (D:7)
  A steam dragon (D:8)
  6 orc warriors (Bailey)
  A water moccasin (D:6)
  An ogre (D:6)
  4 centaurs
  3 lemures (D:7)
  A phantom (D:7)
  2 bullfrogs (D:7)
  2 necrophages
  2 scorpions
  4 wights
  2 vampire bats (D:4)
  3 howler monkeys (D:7)
  2 hounds (D:6)
  5 orc priests
  3 gnoll boudas
  Terence (D:2)
  Jessica (D:2)
  3 iguanas
  Ijyb (D:5)
  15 orc wizards
  Robin (D:5)
  5 adders
  13 gnolls
  A river rat (D:5)
  A shadow imp (D:7)
  2 ufetubi
  A worm (D:2)
  2 dart slugs
  59 orcs
  10 bats
  9 endoplasms
  6 giant cockroaches
  11 hobgoblins
  16 jackals
  4 quokkas
  9 ball pythons
  7 frilled lizards
  14 goblins
  5 kobolds
  9 rats
249 creatures vanquished.

Vanquished Creatures (others)
  14 fulminant prisms
14 creatures vanquished.

Grand Total: 263 creatures vanquished

Table legend: (Time is in decaauts)
 A = Elapsed time spent in this place.
 B = Non-inter-level travel time spent in this place.
 C = Inter-level travel time spent in this place.
 D = Time resting spent in this place.
 E = Time spent auto-exploring this place.
 F = Levels seen in this place.
 G = Mean time per level.
                   A        B        C        D        E       F      G
               +--------+--------+--------+--------+--------+-----+--------+
         Total |   9136 |   8855 |    281 |   1154 |   6164 |  10 |  913.6 |
       Dungeon |   8668 |   8409 |    259 |    935 |   6139 |   8 | 1083.5 |
        Temple |     67 |     45 |     22 |      0 |     25 |   1 |   67.0 |
        Bailey |    400 |    400 |      0 |    219 |      0 |   1 |  400.0 |
               +--------+--------+--------+--------+--------+-----+--------+

Top non-repeatable levels by time:
     D:5: 1751 daAuts
     D:6: 1515 daAuts
     D:7: 1205 daAuts
     D:2: 1158 daAuts
     D:1: 995 daAuts
     D:4: 948 daAuts
     D:3: 904 daAuts
  Bailey: 400 daAuts
     D:8: 189 daAuts
  Temple: 67 daAuts

Table legend:
 A = Non-vault XP
 B = Vault XP
 C = Vault XP percentage of total XP
 D = Non-vault monster count
 E = Vault monster count
 F = Vault count percentage of total count
                 A         B        C        D         E       F
            +---------+---------+-------+---------+---------+-------
      Total |    3467 |    1859 |  34.9 |     202 |      44 |  17.9
            +---------+---------+-------+---------+---------+-------
        D:1 |      53 |       0 |   0.0 |      34 |       0 |   0.0
        D:2 |      78 |      75 |  49.0 |      28 |       2 |   6.7
        D:3 |     225 |       0 |   0.0 |      18 |       0 |   0.0
        D:4 |      64 |     122 |  65.6 |       9 |       9 |  50.0
        D:5 |     562 |      84 |  13.0 |      44 |      16 |  26.7
        D:6 |    1153 |       0 |   0.0 |      37 |       0 |   0.0
        D:7 |    1035 |     757 |  42.2 |      25 |       3 |  10.7
        D:8 |     297 |       6 |   2.0 |       7 |       3 |  30.0
     Bailey |       0 |     815 | 100.0 |       0 |      11 | 100.0
            +---------+---------+-------+---------+---------+-------
